 Dungeon Sprint DCSS version 0.21.1-1-g345015f (webtiles) character file.

243 wilfster70 the Skirmisher (level 6, -1/44 HPs)
             Began as a Gargoyle Monk on June 6, 2018.
             Was a Believer of Ru.
             Slain by a two-headed ogre
             ... wielding a +0 giant club
              (6 damage)
             ... in the Dungeon (Sprint IX: "|||||||||||||||||||||||||||||").
             The game lasted 00:02:17 (390 turns).

wilfster70 the Skirmisher (Gargoyle Monk)            Turns: 390, Time: 00:02:18

Health: -1/44      AC: 16    Str: 16    XL:     6   Next: 9%
Magic:  6/6        EV: 14    Int: 11    God:    Ru [**....]
Gold:   0          SH:  0    Dex: 15    Spells: 5/5 levels left

rFire    . . .     SeeInvis .   a - +0 lajatang
rCold    . . .     Gourm    .   (shield currently unavailable)
rNeg     + . .     Faith    .   n - +2 ring mail
rPois    ∞         Spirit   .   (no helmet)
rElec    +         Reflect  .   m - +0 cloak
rCorr    .         Harm     .   (no gloves)
MR       .....     NoTele   +   (no boots)
Stlth    +.........             (no amulet)
HPRegen  0.14/turn              o - +2 ring of protection
MPRegen  0.10/turn              p - +3 ring of dexterity

@: no status effects
A: negative energy resistance 1, electricity resistance, unbreathing,
petrification resistance, rot immunity, inability to use devices, AC +4
a: Renounce Religion


You were in the Dungeon.
You worshipped Ru.
Ru was pleased with you.
You were not hungry.

You visited 1 branch

Inventory:

Hand Weapons
 a - a +0 lajatang (weapon)
 b - a +2 morningstar of protection
Armour
 m - a +0 cloak (worn)
 n - a +2 ring mail (worn)
Magical Staves
 r - an uncursed staff of energy
Jewellery
 o - a +2 ring of protection (left hand)
 p - a +3 ring of dexterity (right hand)
Scrolls
 i - 2 scrolls of blinking
 k - 3 scrolls of remove curse
 l - 2 scrolls of amnesia
Potions
 d - 5 potions of curing
 e - a potion of invisibility
 f - a potion of haste
 g - 4 potions of magic
 h - a potion of berserk rage
 j - 2 potions of heal wounds
Comestibles
 c - a ration


   Skills:
 + Level 7.6 Fighting
 - Level 3.0(4.4) Maces & Flails
 * Level 5.1(5.5) Staves
 + Level 6.7 Armour
 + Level 5.8 Dodging
 - Level 2.1 Stealth


You had 5 spell levels left.
You didn't know any spells.

Dungeon Overview and Level Annotations

Branches:
Dungeon (1/1)

Altars:
Cheibriados
Dithmenos
Elyvilon
Fedhas
Gozag
Hepliaklqana
Kikubaaqudgha
Makhleb
Nemelex Xobeh
Okawaru
Qazlal
Ru
Sif Muna
Trog
Uskayaw
Vehumet
Wu Jian
Xom
Yredelemnul
Zin
The Shining One
Beogh
Jiyva
Lugonu


Innate Abilities, Weirdness & Mutations

You are resistant to torment.
Your stone body is resilient. (AC +4)
You are immune to poison.
You resist negative energy. (rN+)
You are resistant to electric shocks. (rElec)
You can survive without breathing.
You are immune to petrification.
You are immune to rotting.
You cannot study or use magical devices.


Message History

You redirect the two-headed ogre's attack!
The two-headed ogre hits the ogre with a giant club!
The two-headed ogre hits the ogre with a dire flail!
The ogre dies!
The two-headed ogre shouts in stereo!
You hit the two-headed ogre.
The two-headed ogre is lightly wounded.
The two-headed ogre hits you with a giant club.
The two-headed ogre hits you with a dire flail!
* * * LOW HITPOINT WARNING * * *
The orc warrior closely misses you.
You hit the two-headed ogre.
The two-headed ogre is lightly wounded.
The two-headed ogre barely misses you. The two-headed ogre misses you.
You slice the two-headed ogre!!
The two-headed ogre is heavily wounded.
The orc warrior barely misses you.
The two-headed ogre completely misses you.
The two-headed ogre hits you with a dire flail.
You die...

▓.▓
▓.▓
▓.▓
▓.▓
▓.▓
▓o▓
▓O▓
▓@▓
▓.▓
▓[▓
▓[▓
▓.▓
▓)▓
▓/▓
▓.▓
▓.▓


You could see a two-headed ogre and an orc warrior.

Vanquished Creatures
  A sky beast (D)
  A scorpion (D)
  A howler monkey (D)
  An iguana (D)
  An orc wizard (D)
  An adder (D)
  A leopard gecko (D)
  3 giant cockroaches (D)
  A frilled lizard (D)
  A quokka skeleton (D)
  A rat (D)
13 creatures vanquished.

Vanquished Creatures (others)
  An ogre (D)
1 creature vanquished.

Grand Total: 14 creatures vanquished

Notes
Turn   | Place    | Note
-------+----------+-------------------------------------------
     0 | D        | wilfster70 the Gargoyle Monk began the quest for the Orb.
     0 | D        | Reached XP level 1. HP: 14/14 MP: 1/1
     7 | D        | Reached skill level 1 in Armour
    12 | D        | Reached skill level 4 in Fighting
    21 | D        | Noticed a scorpion
    21 | D        | Noticed an orc wizard
    24 | D        | Reached XP level 2. HP: 20/20 MP: 2/2
    55 | D        | Reached skill level 5 in Fighting
    55 | D        | Reached XP level 3. HP: 6/26 MP: 3/3
    66 | D        | Killed a scorpion
    66 | D        | Reached skill level 6 in Fighting
    66 | D        | Reached skill level 5 in Armour
    66 | D        | Reached XP level 4. HP: 11/32 MP: 4/4
   279 | D        | Found a roughly hewn altar of Beogh.
   279 | D        | Found a snail-covered altar of Cheibriados.
   279 | D        | Found a shadowy altar of Dithmenos.
   279 | D        | Found a white marble altar of Elyvilon.
   279 | D        | Found a blossoming altar of Fedhas.
   279 | D        | Found an opulent altar of Gozag.
   280 | D        | Found a hazy altar of Hepliaklqana.
   281 | D        | Found a viscous altar of Jiyva.
   282 | D        | Found an ancient bone altar of Kikubaaqudgha.
   283 | D        | Found a corrupted altar of Lugonu.
   284 | D        | Found a burning altar of Makhleb.
   285 | D        | Found a sparkling altar of Nemelex Xobeh.
   286 | D        | Found an iron altar of Okawaru.
   287 | D        | Found a stormy altar of Qazlal.
   288 | D        | Found a sacrificial altar of Ru.
   289 | D        | Found a deep blue altar of Sif Muna.
   290 | D        | Found a bloodstained altar of Trog.
   291 | D        | Found a hide-covered altar of Uskayaw.
   292 | D        | Found a radiant altar of Vehumet.
   293 | D        | Found an ornate altar of the Wu Jian Council.
   294 | D        | Found a shimmering altar of Xom.
   295 | D        | Found a basalt altar of Yredelemnul.
   296 | D        | Became a worshipper of Ru the Awakened
   297 | D        | Found a glowing silver altar of Zin.
   298 | D        | Found a glowing golden altar of the Shining One.
   306 | D        | Gained mutation: You cannot study or use magical devices. [Ru sacrifice]
   306 | D        | Reached * piety under Ru
   306 | D        | Reached ** piety under Ru
   358 | D        | Noticed an orc warrior
   358 | D        | Noticed a two-headed ogre
   358 | D        | Noticed an ogre
   358 | D        | Noticed a sky beast
   360 | D        | Reached skill level 5 in Dodging
   360 | D        | Reached XP level 5. HP: 37/37 MP: 5/5
   385 | D        | Killed a sky beast
   385 | D        | Reached skill level 7 in Fighting
   385 | D        | Reached skill level 5 in Staves
   385 | D        | Reached XP level 6. HP: 25/44 MP: 6/6
   390 | D        | Slain by a two-headed ogre

Skill      XL: |  1  2  3  4  5 |
---------------+----------------+-----
Armour         | 2 3 5 6 |  6.7
Fighting       | 4 5 6 7 |  7.6
Dodging        | 3 4 5 |  5.8
Staves         | 2 5 |  5.1
Maces & Flails | |  3.0
Stealth        | |  2.1

Action                   |  1- 3 |  4- 6 || total
-------------------------+-------+-------++-------
Melee: Mace              |    51 |       ||    51
       Lajatang          |       |    32 ||    32
Invok: Sacrifice Artific |       |     1 ||     1
  Use: Potion            |     1 |       ||     1
 Stab: Sleeping          |     1 |       ||     1
Armor: Robe              |    21 |       ||    21
       Ring mail         |       |    12 ||    12
Dodge: Dodged            |    19 |    18 ||    37
